Map: Blackburn LE

Players

Stephano

  • Race: Zerg Zerg

Gerald - Winner!

  • Race: Protoss Protoss

Event: DreamHack SC2 Masters 2021 Fall

VOD

Have the link to the VOD?

Description

Time

  • Played on: Aug. 3, 2021, 2:31 p.m.
  • Length: 9:19

All games in this series

Show
View Real Time Build Order
Export as new Build Order

Stephano Zerg 

Build Orders: Hatch First, Roach Hydra 

Get SALT Encoding   

  12  0:00  Drone  
  13  0:12  Overlord  
  13  0:17  Drone  
  14  0:30  Drone x2  
  16  0:49  Hatchery  
  15  0:51  Drone  
  15  0:55  Drone  
  17  0:58  Drone  
  18  1:09  Extractor  
  17  1:14  Spawning Pool  
  17  1:17  Drone  
  17  1:20  Drone  
  18  1:28  Drone  
  19  1:39  Drone  
  20  1:50  Drone  
  21  2:01  Queen, Zergling x2  
  21  2:02  Queen  
  21  2:03  Drone  
  27  2:11  Overlord  
  27  2:12  Drone  
  28  2:17  Metabolic Boost  
  28  2:30  Drone  
  28  2:34  Hatchery  
  28  2:36  Drone x2  
  30  2:43  Queen  
  32  2:48  Overlord  
  32  2:52  Drone  
  32  2:53  Drone  
  34  3:00  Drone  
  34  3:03  Overlord  
  35  3:11  Zergling x2  
  35  3:12  Drone x2  
  38  3:16  Drone x2  
  41  3:20  Drone, Evolution Chamber  
  41  3:21  Queen  
  42  3:30  Zergling x4  
  44  3:36  Drone  
  44  3:39  Drone  
  46  3:42  Drone  
  46  3:46  Drone x3  
  50  3:49  Overlord  
  50  3:52  Drone x2  
  50  3:53  Drone  
  53  3:57  Zerg Missile Weapons Level 1  
  53  4:01  Extractor x2  
  53  4:02  Drone x2, Roach Warren  
  52  4:04  Extractor  
  52  4:07  Queen  
  54  4:13  Drone x2  
  54  4:14  Drone  
  57  4:18  Spore Crawler  
  57  4:20  Spore Crawler  
  57  4:21  Drone x2  
  57  4:25  Overlord  
  57  4:26  Drone  
  57  4:30  Overlord  
  58  4:35  Overlord  
  58  4:36  Spore Crawler  
  57  4:44  Drone x2  
  59  4:48  Roach x2  
  59  4:49  Roach  
  65  4:56  Roach x4  
  73  5:02  Zergling x8  
  77  5:07  Lair  
  77  5:20  Drone x2  
  77  5:21  Drone x2  
  80  5:28  Zergling x4  
  81  5:29  Overlord x2  
  81  5:30  Overlord  
  81  5:34  Overlord  
  81  5:39  Overlord  
  81  5:43  Overlord  
  81  5:48  Drone x2  
  83  5:51  Drone x2  
  83  5:54  Ravager x3  
  88  6:00  Drone x3  
  88  6:01  Extractor  
  88  6:02  Extractor  
  89  6:06  Roach x4  
  89  6:07  Glial Reconstitution  
  89  6:10  Hydralisk Den  
  89  6:11  Evolution Chamber  
  95  6:14  Zerg Missile Weapons Level 2  
  95  6:18  Drone  
  96  6:19  Extractor, Drone x3  
  97  6:28  Drone x6  
  100  6:33  Drone x3  
  100  6:34  Drone  
  103  6:43  Hatchery, Drone x2  
  103  6:44  Drone  
  105  6:48  Drone x3  
  105  6:49  Muscular Augments  
  108  6:58  Hydralisk x3  
  114  7:07  Hydralisk x4  
  122  7:13  Hydralisk  
  122  7:14  Hydralisk  
  123  7:16  Overlord  
  123  7:22  Drone x4  
  127  7:23  Drone x2  
  127  7:24  Pneumatized Carapace  
  129  7:31  Overlord  
  129  7:38  Overseer  
  129  7:39  Overseer  
  129  7:40  Overseer  
  129  7:42  Overlord x2  
  129  7:44  Drone x4  
  131  7:46  Extractor  
  131  7:47  Extractor  
  131  7:50  Overseer  
  127  8:00  Grooved Spines  
  127  8:03  Hydralisk x10  
  147  8:10  Hydralisk  
  146  8:18  Drone  
  146  8:19  Drone x3  
  150  8:20  Drone x2  
  150  8:24  Zergling x2  
  150  8:25  Zergling x8  
  156  8:29  Hatchery  
  155  8:36  Zergling x8  
  155  8:37  Zergling x14  
  161  8:43  Hydralisk x3  
  161  8:47  Hydralisk  
  161  8:48  Hydralisk x2  
  156  8:52  Zergling x4  
Show
View Real Time Build Order
Export as new Build Order

Gerald Protoss - Winner!

Build Orders: 1 Gate Expand, Zealot Archon, Archon Drop, Dark Templar Rush 

Get SALT Encoding   

  12  0:00  Probe  
  13  0:12  Probe  
  14  0:20  Pylon  
  14  0:24  Probe  
  15  0:38  Probe (Chrono Boost)  
  15  0:40  Gateway  
  16  0:47  Probe (Chrono Boost)  
  17  0:51  Assimilator  
  17  0:52  Probe (Chrono Boost)  
  19  1:04  Probe  
  19  1:16  Probe  
  20  1:26  Nexus  
  20  1:36  Cybernetics Core  
  20  1:40  Probe  
  20  1:44  Assimilator  
  21  1:52  Probe  
  22  1:58  Pylon  
  22  2:04  Probe  
  23  2:14  Stalker (Chrono Boost)  
  23  2:16  Probe  
  23  2:22  Twilight Council  
  26  2:28  Probe  
  27  2:31  Warp Gate  
  27  2:34  Adept (Chrono Boost)  
  29  2:39  Probe  
  29  2:40  Probe  
  31  2:51  Probe  
  32  2:53  Probe  
  32  2:57  Adept  
  35  3:00  Robotics Facility  
  35  3:03  Probe  
  36  3:06  Probe  
  37  3:15  Probe  
  37  3:18  Probe  
  39  3:27  Probe  
  39  3:30  Probe  
  39  3:32  Dark Shrine  
  41  3:39  Probe  
  42  3:42  Probe  
  42  3:43  Pylon  
  43  3:49  Warp Prism (Chrono Boost)  
  43  3:50  Gateway  
  43  3:53  Gateway  
  45  3:58  Pylon  
  45  4:00  Probe  
  45  4:01  Assimilator  
  45  4:02  Probe  
  47  4:05  Assimilator  
  47  4:12  Gateway  
  47  4:13  Probe  
  47  4:14  Probe  
  49  4:29  Probe  
  50  4:33  Probe  
  51  4:41  Probe  
  51  4:45  Pylon, Probe  
  53  4:51  Forge  
  53  4:53  Probe  
  53  4:56  Dark Templar x3  
  53  4:57  Probe  
  61  5:05  Probe  
  62  5:09  Probe  
  63  5:20  Probe  
  62  5:21  Immortal  
  62  5:28  Protoss Ground Weapons Level 1 (Chrono Boost)  
  64  5:31  Probe  
  64  5:34  Blink (Chrono Boost), Gateway x2  
  65  5:40  Gateway  
  65  5:42  Dark Templar, Robotics Bay  
  67  5:45  Gateway  
  67  5:46  Archon x2  
  67  5:53  Nexus  
  67  5:58  Stalker  
  69  6:06  Pylon  
  69  6:07  Observer  
  69  6:10  Pylon  
  70  6:23  Pylon  
  70  6:24  Pylon, Probe  
  70  6:36  Probe  
  70  6:37  Disruptor (Chrono Boost), Probe  
  70  6:39  Gravitic Drive  
  72  6:42  Shield Battery  
  72  6:45  Dark Templar x2  
  79  6:48  Probe  
  79  6:49  Probe  
  79  6:51  Stalker  
  79  6:52  Stalker x2  
  87  6:57  Nexus  
  87  7:02  Disruptor (Chrono Boost)  
  87  7:07  Probe  
  87  7:08  Probe  
  92  7:19  Probe  
  92  7:20  Probe  
  94  7:28  Probe  
  94  7:29  Assimilator  
  95  7:30  Assimilator  
  95  7:31  Probe  
  95  7:32  Disruptor, Probe  
  95  7:36  Stalker  
  102  7:43  Pylon  
  102  7:45  Probe  
  102  7:47  Photon Cannon  
  102  7:49  Stalker x3  
  109  8:04  Stalker x3  
  114  8:12  Stalker  
  114  8:13  Stalker  
  114  8:15  Stalker  
  121  8:20  Probe x3  
  123  8:33  Stalker x4  
  129  8:49  Stalker  
  129  8:50  Probe  
  129  8:52  Pylon, Zealot  
  129  8:54  Pylon  
  132  8:56  Pylon  
  132  9:09  Stalker x4  
  131  9:11  Stalker x2  

Tags
 
Add a new tag
Caveats
  • Supply blocks, unpowered buildings, or Contaminate may cause inaccurate times.
  • Supply counts are checked every 10 seconds.